AoeStats
← Valenp34

Arena

512482129Analyzed
3v3 RM · 8d ago on Oct 9, 2026· 24m 32s· 6 players
Game mode
Random Map
Map size
Normal (6 player)
Population
200
Speed
Normal
Resources
Standard
Victory
Conquest
Starting age
Dark Age
Ending age
Imperial Age
RankedLock teamsTeams togetherTeam positionsShared explorationLock speedFull tech treeHidden civsTurbo modeCheats
Victory
Defeat
🇨🇴 Huns · Colombia
1380
+10
🇨🇴 Wu · Colombia
1312
+12
🇦🇷 Persians · Argentina
1288
+12
vs
🇳🇿 Khmer · New Zealand
1239
-12
🇬🇧 Bohemians · United Kingdom
1223
-11
🇬🇧 Japanese · United Kingdom
1219
-11
Valenp34
6:08 Loom
9:04 Feudal Age
SMNT - KMUS
12:08 Feudal Age
16:40 Castle Age
15:05 Double-Bit Axe
15:12 Horse Collar
15:45 Loom
16:50 Wheelbarrow
16:41 Gold Mining
17:04 Scale Mail Armor
20:55 Chain Mail Armor
22:17 Forging
25:26 Iron Casting
TheMarshall
11:44 Feudal Age
12:40 Double-Bit Axe
13:36 Bloodlines
14:22 Scale Barding Armor
18:52 Castle Age
17:48 Forging
19:17 Horse Collar
20:05 Chain Barding Armor
24:30 Gold Mining
emrizzle
10:32 Feudal Age
14:42 Castle Age
13:09 Loom
13:14 Double-Bit Axe
13:25 Horse Collar
17:28 Bow Saw
23:39 Wheelbarrow
Hercburger
11:02 Feudal Age
13:43 Castle Age
11:57 Double-Bit Axe
12:05 Horse Collar
14:46 Bow Saw
iK2Crash
10:54 Feudal Age
11:15 Loom
16:57 Castle Age
19:21 Fletching
21:54 Pikeman
Connection lost

Rejoining the realm…

Still unreachable

The connection could not be restored.

Session expired

The server has moved on; the page needs a fresh start.